 Dungeon Crawl Stone Soup version 0.27-a0-1136-g0b992a5a9d (console) character file.

Game seed: 10799786709690685269

32499 nht the Brawler (level 13, -1/169 HPs)
             Began as a Troll Transmuter on May 5, 2021.
             Was a High Priest of Qazlal.
             Slain by a minotaur
             ... wielding a staff of fire
              (6 damage)
             ... in a Gauntlet.
             The game lasted 00:33:31 (13630 turns).

nht the Brawler (Troll Transmuter)                 Turns: 13630, Time: 00:33:32

Health: -1/169     AC: 13    Str: 23    XL:     13   Next: 31%
Magic:  0/17       EV:  7    Int: 13    God:    Qazlal [*****.]
Gold:   1848       SH:  7    Dex: 10    Spells: 3/14 levels left

rFire    . . .     SeeInvis .     - Unarmed
rCold    + . .     Faith    .   (shield currently unavailable)
rNeg     . . .     Spirit   +   (armour currently unavailable)
rPois    +         Reflect  .   (helmet currently unavailable)
rElec    .         Harm     .   (cloak currently unavailable)
rCorr    .         Rampage  .   (gloves unavailable)
Will     .....     NoTele   +   (boots unavailable)
Stlth    +.........             m - amulet of guardian spirit
HPRegen  1.38/turn              w - +4 ring of protection
MPRegen  0.15/turn              k - ring of protection from cold

@: hydra-form, protected from physical damage, hasted, repel missiles, very
quick
A: fast swimmer, devour, amphibious, boosted hp, very large, unfitting armour,
(claws 3), regeneration 1, (shaggy fur 1), (tough skin 1), (deformed body),
strong 1, subdued magic 1
a: End Transformation, Renounce Religion, Upheaval, Elemental Force, Disaster
Area


You were in a Gauntlet.
You worshipped Qazlal.
Qazlal was extremely pleased with you.
You were a one-headed hydra.
You visited 3 branches of the dungeon, and saw 17 of its levels.
You also visited: Ossuary and Gauntlet.

You collected 2432 gold pieces.
You spent 584 gold pieces at shops.

Inventory:

Hand Weapons
 C - the +9 staff of Wucad Mu {*channel}
   (You acquired it on level 10 of the Dungeon)
Missiles
 b - 4 boomerangs of dispersal
 v - a curare-tipped dart (quivered)
 F - 3 atropa-tipped darts
Armour
 c - +0 acid dragon scales
 s - a +0 cloak (melded)
 E - a +1 hat of stealth (melded)
 J - a +1 robe of cold resistance (melded)
Jewellery
 k - a ring of protection from cold (right foreclaw)
 m - an amulet of guardian spirit (around neck)
 w - a +4 ring of protection (left foreclaw)
 x - a ring of see invisible
 A - a ring of ice
 L - a ring of positive energy
Wands
 l - a wand of polymorph (15)
 z - a wand of charming (15)
 D - a wand of iceblast (5)
 I - a wand of mindburst (20)
Scrolls
 d - 5 scrolls of enchant armour
 i - a scroll of teleportation
 p - 4 scrolls of enchant weapon
 r - a scroll of blinking
 t - a scroll of brand weapon
 y - a scroll of vulnerability
 B - a scroll of immolation
 M - a scroll of fear
Potions
 a - a potion of magic
 e - 12 potions of curing
 f - 12 potions of heal wounds
 g - 2 potions of mutation
 h - 3 potions of cancellation
 j - a potion of resistance
 n - 3 potions of haste
 o - 4 potions of brilliance
 q - 2 potions of might
 u - 3 potions of flight
 H - a potion of invisibility
 K - 2 potions of ambrosia
Miscellaneous
 G - a phantom mirror (inert)


   Skills:
 + Level 8.8 Fighting
 - Level 1.5 Dodging
 + Level 15.9 Unarmed Combat
 - Level 1.2 Spellcasting
 + Level 7.2 Transmutations
 + Level 1.2 Earth Magic
 + Level 7.3 Invocations


You had 3 spell levels left.
You knew the following spells:

 Your Spells              Type           Power      Damage    Failure   Level
a - Beastly Appendage     Tmut           30%        N/A       1%          1
b - Spider Form           Tmut/Pois      3%         N/A       16%         3
c - Hydra Form            Tmut           7%         N/A       32%         5
d - Passwall              Tmut/Erth      7%         N/A       6%          2

Your spell library contained the following spells:

 Spells                   Type           Power      Damage    Failure   Level
 Wereblood                Tmut           15%        N/A       1%          2
 Sandblast                Erth           6%         2d5       14%         1
 Animate Skeleton         Necr           0%         N/A       24%         1
 Apportation              Tloc           0%         N/A       24%         1
 Corona                   Hex            0%         N/A       24%         1
 Magic Dart               Conj           0%         1d3       24%         1
 Summon Small Mammal      Summ           0%         N/A       24%         1
 Searing Ray              Conj           0%         3d3       34%         2
 Stone Arrow              Conj/Erth      2%         3d7       50%         3
 Dazzling Flash           Conj/Hex       0%         N/A       58%         3
 Petrify                  Tmut/Erth      9%         N/A       38%         4
 Ice Form                 Ice/Tmut       7%         N/A       47%         4
 Animate Armour           Summ/Erth      2%         N/A       89%         4
 Leda's Liquefaction      Hex/Erth       0%         N/A       89%         4
 Fulminant Prism          Conj/Hex       0%         3d6       94%         4
 Iskenderun's Mystic Bla  Conj/Tloc      0%         2d3       94%         4
 Bolt of Magma            Conj/Fire/Erth 0%         4d4       99%         5
 Lee's Rapid Deconstruct  Erth           1%         3d5*      99%         5
 Iron Shot                Conj/Erth      0%         9d1       100%        6
 Statue Form              Tmut/Erth      6%         N/A       100%        6
 Shatter                  Erth           1%         3d6*      100%        9


Dungeon Overview and Level Annotations

Branches:
Dungeon (12/15)            Temple (1/1) D:5            Lair (4/6) D:10
    Orc (0/2) D:9         Ossuary (visited)         Gauntlet (1/1)
  Swamp: Lair:2-4    Shoals: Lair:2-4     Snake: Lair:2-4    Spider: Lair:2-4

Altars:
Ashenzari
Cheibriados
Dithmenos
Elyvilon
Fedhas
Gozag
Hepliaklqana
Kikubaaqudgha
Makhleb
Nemelex Xobeh
Okawaru
Qazlal
Ru
Sif Muna
Trog
Uskayaw
Vehumet
Wu Jian
Xom
Yredelemnul
Zin
The Shining One

Shops:
D:1 !   D:5 *   D:7 (

Annotations:
Gauntlet 4 transporters, 16 runed translucent doors


Innate Abilities, Weirdness & Mutations

You are a one-headed hydra.
You swim very quickly.
You can devour living enemies to heal.
You are amphibious.
Your maximum health is greatly increased.
Your armour is entirely melded.
You are incapable of wielding weapons or throwing items.
You are too large for most types of armour.
((You have claws for hands.))
Your natural rate of healing is unusually fast.
((You are covered in fur. (AC +1)))
((You have tough skin. (AC +1)))
((Armour fits poorly on your strangely shaped body.))
Your muscles are strong. (Str +2)
Your spells are a little easier to cast, but a little less powerful.


Message History

The minotaur is heavily wounded.
The minotaur drinks a potion.
The minotaur is healed!
You bite the minotaur!
The minotaur is moderately wounded.
The minotaur hits you with a staff of fire!!
Your resistance to fire fades away.
You feel protected from physical attacks.
The minotaur burns you! The minotaur gores you.
You feel more protected from physical attacks.
You gouge the minotaur!!
The minotaur is heavily wounded.
The minotaur hits you with a staff of fire!!
The minotaur burns you!
Your resistance to physical damage fades away.
You feel protected from fire.
The minotaur gores you but does no damage.
Okay, then.
You feel yourself speed up. You block the minotaur's attack.
The minotaur gores you.
Your resistance to fire fades away.
You feel protected from physical attacks.
You gouge the minotaur!!
The minotaur is severely wounded.
You nip at the minotaur but do no damage.
The minotaur is severely wounded.
The minotaur hits you with a staff of fire!!
* * * LOW HITPOINT WARNING * * *
You feel more protected from physical attacks.
The minotaur burns you.
* * * LOW HITPOINT WARNING * * *
The minotaur gores you!
* * * LOW HITPOINT WARNING * * *
You bite the minotaur!
The minotaur is almost dead.
You nip at the minotaur but do no damage.
The minotaur is almost dead.
The minotaur hits you with a staff of fire!!
* * * LOW HITPOINT WARNING * * *
The minotaur burns you!
You die... ©█..█?█..█.8.██...█ .█..█[█..█...██.█.█ █.██.5█..█.8....█.█ ...5.2█..█...██.█.█ █ ███████..█...██...█ '███

........≈█.©.██.█.██.⌠..█
........∩█......█.'....⌠+
........≈█.©.██.█H██∩...█
███████..█...██.D.█ .⌠.█
.....██..█...██.█.█ +██
████.§█..█.8....█.█
....███..█...██.█.█
████.██..█.8.██...█
.©.██.█..█§..██████
███.█.█..█≈8≈█
...██.█..█████
████..█..███


You could see a minotaur.

Vanquished Creatures
  Gastronok (Lair:2)
  A hydra (D:11)
  Fannar (Lair:1)
  2 boulder beetles
  3 death yaks (D:10)
  3 two-headed ogres (D:10)
  2 deep elf pyromancers (D:12)
  3 hornets
  A cyclops (D:10)
  2 manticores
  2 black mambas
  7 cane toads
  A large abomination (Gauntlet)
  An efreet (D:10)
  A kobold demonologist (D:10)
  A freezing wraith (D:10)
  A troll (D:9)
  3 komodo dragons
  The ghost of PanSaczeczos the Sneak, a novice KoAE (D:4)
  A wind drake (Lair:3)
  7 blink frogs
  A meliai zombie (D:11)
  3 slime creatures (D:12)
  A wraith (D:12)
  19 yaks
  2 vampires
  5 shadows
  2 wyverns
  A basilisk (Lair:2)
  3 chaos spawn (Gauntlet)
  5 vampire mosquitoes
  A neqoxec (Gauntlet)
  2 acid dragons
  7 water moccasins
  5 small abominations (Gauntlet)
  An ice beast (D:6)
  11 orc warriors
  2 black bears (D:5)
  A sky beast (D:2)
  2 ogres
  A necrophage (D:7)
  7 wolves
  12 centaurs
  A phantom (D:4)
  4 kobold brigands
  8 bullfrogs
  7 scorpions
  A water moccasin zombie (D:4)
  A wyvern skeleton (D:7)
  15 killer bees
  10 wights
  2 howler monkeys (D:5)
  4 centaur zombies
  6 hounds
  2 bullfrog skeletons
  2 jellies
  Crazy Yiuf (D:5)
  2 bullfrog zombies
  4 orc priests
  Ijyb (D:4)
  A centaur skeleton (D:6)
  2 iguanas
  Natasha (thrice) (D:2)
  14 orc wizards
  A killer bee zombie (D:9)
  8 mummies (Ossuary)
  A howler monkey zombie (D:10)
  3 gnolls (D:7)
  2 river rats (D:10)
  6 adders
  A shadow imp (D:7)
  A white imp (D:7)
  An ufetubus (D:5)
  An adder skeleton (D:5)
  3 worms
  3 dart slugs
  45 orcs
  12 bats
  8 endoplasms
  4 giant cockroaches
  2 gnoll zombies (Ossuary)
  9 goblins
  8 hobgoblins
  26 jackals
  16 kobolds
  4 quokkas
  2 ball pythons
  A frilled lizard (D:3)
  2 hobgoblin zombies (Ossuary)
  2 kobold zombies (Ossuary)
  2 orc zombies (Ossuary)
  5 rats
  2 rat zombies (D:5)
411 creatures vanquished.

Vanquished Creatures (collateral kills)
  A basilisk (D:10)
  An orc wizard (D:10)
2 creatures vanquished.

Vanquished Creatures (others)
  A wolf spider (D:10)
  A butterfly (D:5)
  4 fungi
  7 plants
13 creatures vanquished.

Grand Total: 426 creatures vanquished

Notes
Turn   | Place    | Note
-------+----------+-------------------------------------------
     0 | D:1      | nht the Troll Transmuter began the quest for the Orb.
     0 | D:1      | Reached XP level 1. HP: 18/18 MP: 1/1
     6 | D:1      | Noticed a salamander
     6 | D:1      | Noticed a swamp worm
     7 | D:1      | Noticed a six-headed hydra
     7 | D:1      | Noticed a hound
    67 | D:1      | Found Ruhow's Distillery.
   274 | D:1      | Reached XP level 2. HP: 26/26 MP: 2/2
   448 | D:1      | Reached skill level 4 in Unarmed Combat
   836 | D:1      | Reached XP level 3. HP: 32/32 MP: 3/3
  1069 | D:2      | Noticed Natasha
  1081 | D:2      | Killed Natasha
  1172 | D:2      | Noticed Natasha
  1183 | D:2      | Killed Natasha
  1184 | D:2      | Reached skill level 5 in Unarmed Combat
  1184 | D:2      | Reached XP level 4. HP: 17/40 MP: 4/4
  1299 | D:2      | Noticed a sky beast
  1340 | D:2      | Noticed Natasha
  1355 | D:2      | Killed a sky beast
  1356 | D:2      | Reached skill level 6 in Unarmed Combat
  1356 | D:2      | Reached XP level 5. HP: 22/46 MP: 5/5
  1377 | D:2      | Killed Natasha
  1775 | D:3      | Found a sparkling altar of Nemelex Xobeh.
  1908 | D:3      | Reached XP level 6. HP: 54/54 MP: 6/6
  2081 | D:3      | Reached skill level 7 in Unarmed Combat
  2312 | D:4      | Found a runed translucent gate.
  2314 | D:4      | Found a runed translucent gate.
  2315 | D:4      | Noticed PanSaczeczos's ghost (novice KoAE)
  2316 | D:4      | Found a runed translucent gate.
  2547 | D:4      | Reached skill level 8 in Unarmed Combat
  2547 | D:4      | Reached XP level 7. HP: 52/61 MP: 7/7
  2563 | D:4      | HP: 3/91 [killer bee (3)]
  2966 | D:4      | Reached skill level 1 in Fighting
  2966 | D:4      | Reached skill level 9 in Unarmed Combat
  3004 | D:4      | Noticed Ijyb
  3043 | D:4      | Killed Ijyb
  3157 | D:5      | Entered Level 5 of the Dungeon
  3162 | D:5      | Found Apsydo's General Store.
  3194 | D:5      | Reached XP level 8. HP: 64/72 MP: 8/8
  3204 | D:5      | Found a white marble altar of Elyvilon.
  3354 | D:4      | Killed PanSaczeczos's ghost
  3355 | D:4      | Reached skill level 10 in Unarmed Combat
  3491 | D:5      | Found a staircase to the Ecumenical Temple.
  3569 | D:5      | Found a sand-covered staircase.
  3580 | Ossuary  | Entered an ossuary
  3829 | Temple   | Entered the Ecumenical Temple
  4042 | Temple   | Became a worshipper of Qazlal Stormbringer
  4143 | D:5      | Reached skill level 11 in Unarmed Combat
  4144 | D:5      | Reached XP level 9. HP: 65/84 MP: 9/9
  4171 | D:5      | Found an iron altar of Okawaru.
  4282 | D:5      | Bought a scroll of identify for 24 gold pieces
  4282 | D:5      | Bought a potion of curing for 36 gold pieces
  4282 | D:5      | Bought a potion of heal wounds for 60 gold pieces
  4282 | D:5      | Bought a scroll of blinking for 90 gold pieces
  4342 | D:5      | Found a runed translucent door.
  4343 | D:5      | Noticed Crazy Yiuf
  4350 | D:5      | Killed Crazy Yiuf
  4501 | D:1      | Bought a potion of curing for 33 gold pieces
  4501 | D:1      | Bought a potion of might for 44 gold pieces
  4501 | D:1      | Bought a potion of curing for 33 gold pieces
  4501 | D:1      | Bought a potion of curing for 33 gold pieces
  4501 | D:1      | Bought a potion of curing for 33 gold pieces
  4501 | D:1      | Bought a potion of heal wounds for 55 gold pieces
  4501 | D:1      | Bought a potion of heal wounds for 55 gold pieces
  4501 | D:1      | Bought a potion of degeneration for 11 gold pieces
  4501 | D:1      | Bought a potion of flight for 33 gold pieces
  4501 | D:1      | Bought a potion of brilliance for 44 gold pieces
  4823 | D:6      | Reached * piety under Qazlal
  5392 | D:7      | Found a burning altar of Makhleb.
  5458 | D:7      | Reached skill level 12 in Unarmed Combat
  5584 | D:7      | Reached skill level 5 in Fighting
  5811 | D:7      | Reached ** piety under Qazlal
  6104 | D:7      | Identified a scroll of acquirement
  6106 | D:7      | Acquired 1243 gold pieces
  6136 | D:7      | Reached XP level 10. HP: 87/96 MP: 10/10
  6338 | D:7      | Found Fobb's Weapon Shop.
  6790 | D:8      | Found an ancient bone altar of Kikubaaqudgha.
  6947 | D:8      | Found a hide-covered altar of Uskayaw.
  6949 | D:8      | Found a sacrificial altar of Ru.
  6955 | D:8      | Found a broken altar of Ashenzari.
  7070 | D:8      | Reached skill level 1 in Invocations
  7453 | D:9      | Identified the +0 pair of gloves "Lidghov" {rElec Will+
                  | Str+2 SInv}
  7512 | D:9      | Reached *** piety under Qazlal
  7789 | D:9      | Found an ornate altar of the Wu Jian Council.
  7993 | D:9      | Reached skill level 13 in Unarmed Combat
  7994 | D:9      | Found a staircase to the Orcish Mines.
  8050 | D:10     | Entered Level 10 of the Dungeon
  8085 | D:10     | Noticed a two-headed ogre
  8093 | D:10     | Killed a two-headed ogre
  8163 | D:10     | Noticed a cyclops
  8163 | D:10     | Noticed a two-headed ogre
  8169 | D:10     | Killed a cyclops
  8170 | D:10     | Reached XP level 11. HP: 105/106 MP: 10/12
  8172 | D:10     | Killed a two-headed ogre
  8178 | D:10     | Learned a level 3 spell: Spider Form
  8240 | D:10     | Reached skill level 5 in Transmutations
  8281 | D:10     | Noticed a wolf spider
  8524 | D:10     | Noticed a death yak
  8524 | D:10     | Noticed a death yak
  8526 | D:10     | Noticed a death yak
  8533 | D:10     | Killed a death yak
  8539 | D:10     | Killed a death yak
  8540 | D:10     | Reached skill level 14 in Unarmed Combat
  8547 | D:10     | Killed a death yak
  8554 | D:10     | Reached **** piety under Qazlal
  8590 | D:10     | Found a staircase to the Lair.
  8597 | D:10     | Noticed a two-headed ogre
  8604 | D:10     | Killed a two-headed ogre
  8611 | D:10     | Learned a level 5 spell: Hydra Form
  8620 | D:10     | Found a glowing silver altar of Zin.
  8654 | D:10     | Found a shadowy altar of Dithmenos.
  9093 | D:10     | Acquired the +9 staff of Wucad Mu {*channel}
  9094 | D:10     | Found the +9 staff of Wucad Mu {*channel}
  9463 | D:11     | Noticed a boulder beetle
  9472 | D:11     | Killed a boulder beetle
  9473 | D:11     | Reached skill level 5 in Invocations
  9755 | D:11     | Noticed a seven-headed hydra
  9776 | D:10     | Gained mutation: Armour fits poorly on your strangely
                  | shaped body. [mutagenic glow]
  9850 | D:11     | HP: 6/141 [seven-headed hydra (12)]
  9956 | D:11     | Reached XP level 12. HP: 117/118 MP: 14/14
 10133 | D:11     | Killed a seven-headed hydra
 11084 | Lair:1   | Entered Level 1 of the Lair of Beasts
 11171 | Lair:1   | Reached skill level 15 in Unarmed Combat
 11310 | Lair:1   | Gained mutation: Your muscles are strong. (Str +2)
                  | [mutagenic glow]
 11471 | Lair:1   | Noticed Fannar
 11524 | Lair:1   | Killed Fannar
 11524 | Lair:1   | Reached ***** piety under Qazlal
 12352 | Lair:2   | Noticed a boulder beetle
 12365 | Lair:2   | Killed a boulder beetle
 12537 | Lair:2   | Reached XP level 13. HP: 128/128 MP: 17/17
 12597 | Lair:2   | Noticed Gastronok
 12608 | Lair:2   | Killed Gastronok
 12920 | Lair:2   | You fall into a shaft and drop 2 floors!
 13044 | Lair:3   | Learned a level 2 spell: Passwall
 13070 | Lair:3   | Found a gate leading to a gauntlet.
 13083 | Gauntlet | Entered a Gauntlet
 13083 | Gauntlet | Found a transporter.
 13083 | Gauntlet | Found a transporter.
 13083 | Gauntlet | Found a transporter.
 13119 | Gauntlet | Found a transporter.
 13122 | Gauntlet | Found a transporter.
 13132 | Gauntlet | Found a transporter.
 13132 | Gauntlet | Found a transporter.
 13160 | Gauntlet | Noticed a reaper
 13198 | Gauntlet | Found a transporter.
 13208 | Gauntlet | Found a transporter.
 13223 | Gauntlet | Found a transporter.
 13225 | Gauntlet | Found a large runed translucent door.
 13226 | Gauntlet | Found a large runed translucent door.
 13227 | Gauntlet | Found a large runed translucent door.
 13227 | Gauntlet | Found a large runed translucent door.
 13227 | Gauntlet | Found a runed translucent door.
 13227 | Gauntlet | Found a runed translucent door.
 13228 | Gauntlet | Found a large runed translucent door.
 13229 | Gauntlet | Found a large runed translucent door.
 13230 | Gauntlet | Found a large runed translucent door.
 13230 | Gauntlet | Found a large runed translucent door.
 13231 | Gauntlet | Found a runed translucent gate.
 13231 | Gauntlet | Found a runed translucent gate.
 13231 | Gauntlet | Found a runed translucent gate.
 13233 | Gauntlet | Found a transporter.
 13242 | Gauntlet | Found a large runed translucent door.
 13242 | Gauntlet | Found a large runed translucent door.
 13243 | Gauntlet | Found a large runed translucent door.
 13244 | Gauntlet | Found a large runed translucent door.
 13248 | Gauntlet | Found a transporter.
 13286 | Gauntlet | Found a large runed translucent door.
 13287 | Gauntlet | Found a large runed translucent door.
 13288 | Gauntlet | Found a large runed translucent door.
 13288 | Gauntlet | Found a large runed translucent door.
 13356 | Gauntlet | Gained mutation: Your spells are a little easier to cast,
                  | but a little less powerful. [a neqoxec]
 13403 | Gauntlet | Reached skill level 1 in Earth Magic
 13519 | Gauntlet | Paralysed by a hornet for 3 turns
 13610 | Gauntlet | Noticed a minotaur
 13611 | Gauntlet | mistakes were made
 13630 | Gauntlet | HP: 5/169 [minotaur/staff of fire (18)]
 13630 | Gauntlet | Slain by a minotaur

Illustrated notes

█..█/█..█████
█..█?█..█≈8≈█
███.©█..█...██████
█..█?█..█.8.██...█
█..█[█..█...██.█.█
.██.5█..█.8....█.█
..5.2█..█...██.█.█
██████..█...██...█
.......≈█.©.██.█D█
.......∩█......█.'H...⌠+
.......≈█.©.██.█.██∩...█
██████..█...██...█ .⌠.█
....██..█...██.█.█ +██
███.§█..█.8....█.█
...███..█...██.█.█
███.██..█.8.██...█
©.██.█..█...█ ██


Turn 13611 on Gauntlet: mistakes were made

Levels and vault maps discovered:
D:1:      onia_arrival_zoo_common, layout_basic, serial_shops, shop,
          serial_forest, infiniplex_forest_clump_medium, infiniplex_forest_join,
          infiniplex_forest_lined_corner, infiniplex_forest_end_3,
          infiniplex_forest_lined_corner, infiniplex_forest_lined_3,
          infiniplex_forest_clump_curved, infiniplex_forest_clump_small,
          infiniplex_forest_lined_room_, st_stairs_7
D:2:      layout_rooms, uniq_natasha
D:3:      layout_rooms, lemuel_tele_altar, interstate_on_off,
          minmay_joined_circles
D:4:      layout_gridville, gammafunk_ghost_nasty_kobolds, grunt_ministairs_1,
          uniq_ijyb
D:5:      layout_rooms, marbit_many_paths, nicolae_elyvilon_peaceful_grove,
          minmay_temple_entry_offerings, enter_ossuary_4,
          kennysheep_windowed_goal, uniq_crazy_yiuf_cottage
D:6:      layout_loops_cross, minmay_large_rounded_square
D:7:      layout_loops_ring, kennysheep_mini, serial_shops,
          kennysheep_mini_moat, serial_co_window_serial, co_window_paths_b,
          co_window_corner_a, co_window_of_opportunity_a, co_window_corner_a,
          co_window_corner_a, co_window_paths_b, co_window_corner_a,
          co_window_2corner, co_window_corner_ca, co_window_of_opportunity_b,
          co_window_broadway_a, co_window_2corner, co_window_4corner_b,
          co_window_paths_d, glass_columns_b, glass_columns_a, glass_columns_b,
          glass_columns_a
D:8:      layout_rooms, kiku_gazebo_pond_becter, grunt_temple_overflow_open,
          serial_glass, glass_columns_a, glass_columns_c,
          minmay_strange_pillars, feat_on_display
D:9:      layout_roguey, pdpol_wu_jian_five_deadly_venoms, erik_orc_2
D:10:     nzn_winding_woodlands_medium [nzn_winding_woodlands_5x5_cross,
          nzn_winding_woodlands_5x15_crooked, nzn_winding_woodlands_hourglass,
          nzn_winding_woodlands_5x5_perimeter,
          nzn_winding_woodlands_center_lodge, nzn_winding_woodlands_5x5_three,
          nzn_winding_woodlands_5x5_checkerboard,
          nzn_winding_woodlands_5x15_default,
          nzn_winding_woodlands_5x5_open_star], layout_loops_corners,
          grunt_dithmenos_smoke_and_mirrors, zin_scriptorium, dpeg_lair_monsters
D:11:     layout_layer_cave
D:12:     layout_roguey
Temple:   minmay_temple_curvy_loop
Lair:1:   layout_regular_city, chequers_serial_rivers_small_a, st_stairs_13,
          infiniplex_staircase_pool_2, uniq_fannar
Lair:2:   layout_cave_pods, grunt_forest_small_clearing_treed, uniq_gastronok
Lair:3:   layout_cellular_growth, minmay_shoals_entry_beasts,
          spider_nest_entry_a, gauntlet_entry_generic,
          ebering_ghost_reflecting_pool
Lair:4:   layout_concentric_octagons
Gauntlet: gammafunk_gauntlet_shortcut [gammafunk_gauntlet_arena_grid,
          nicolae_gauntlet_arena_quarters, nicolae_gauntlet_arena_t_cross,
          gammafunk_gauntlet_arena_corners,
          minmay_gauntlet_arena_make_your_own_arena,
          gammafunk_gauntlet_arena_spirals, gauntlet_exit_hidden_loot]

Skill      XL: |  1  2  3  4  5  6  7  8  9 10 11 12 13 |
---------------+----------------------------------------+-----
Unarmed Combat | 4 5 6 8 9 11 12 13 14 15 | 15.9
Fighting       | 1 3 5 6 7 8 |  8.8
Transmutations | 3 4 5 6 7 |  7.2
Invocations    | 3 5 6 7 |  7.3
Earth Magic    | 1 |  1.2
Dodging        | |  1.5
Spellcasting   | |  1.2

Action                   |  1- 3 |  4- 6 |  7- 9 | 10-12 | 13-15 || total
-------------------------+-------+-------+-------+-------+-------++-------
Melee: Unarmed           |   103 |   225 |   399 |   526 |   116 ||  1369
       Punch             |     1 |     3 |    12 |    24 |     5 ||    45
       Kick              |       |       |     1 |    12 |       ||    13
       Headbutt          |       |       |       |     9 |       ||     9
Throw: Dart              |       |       |       |     3 |     1 ||     4
 Cast: Beastly Appendage |       |       |     1 |     4 |       ||     5
       Hydra Form        |       |       |       |     4 |     2 ||     6
Evoke: Wand              |       |       |    15 |    34 |       ||    49
       Phantom mirror    |       |       |       |     1 |       ||     1
  Use: Scroll            |       |     4 |    12 |     9 |       ||    25
       Potion            |       |     1 |     3 |     4 |     1 ||     9
 Stab: Sleeping          |     1 |     1 |       |       |       ||     2
       Petrified         |       |       |       |     4 |       ||     4
       Paralysed         |       |       |       |     5 |       ||     5
Armor: Robe              |    50 |    84 |   105 |   129 |     7 ||   375
       Skin              |       |    15 |    42 |    11 |     6 ||    74
Dodge: Dodged            |    57 |   101 |   143 |   164 |    25 ||   490
       Repelled          |       |       |       |     1 |       ||     1
Block: Other             |       |       |     4 |   106 |    15 ||   125

Table legend: (Time is in decaauts)
 A = Elapsed time spent in this place.
 B = Non-inter-level travel time spent in this place.
 C = Inter-level travel time spent in this place.
 D = Time resting spent in this place.
 E = Time spent auto-exploring this place.
 F = Levels seen in this place.
 G = Mean time per level.
                   A        B        C        D        E       F      G
               +--------+--------+--------+--------+--------+-----+--------+
         Total |  13365 |  12434 |    931 |    247 |   9396 |  19 |  703.4 |
       Dungeon |  10479 |   9620 |    859 |    119 |   7364 |  12 |  873.2 |
        Temple |    236 |    205 |     31 |      0 |    203 |   1 |  236.0 |
          Lair |   1931 |   1890 |     41 |      0 |   1493 |   4 |  482.8 |
       Ossuary |    209 |    209 |      0 |      0 |    130 |   1 |  209.0 |
      Gauntlet |    508 |    508 |      0 |    128 |    205 |   1 |  508.0 |
               +--------+--------+--------+--------+--------+-----+--------+

Top non-repeatable levels by time:
    D:10: 1491 daAuts
     D:7: 1360 daAuts
     D:1: 1142 daAuts
  Lair:1: 1131 daAuts
     D:4: 1041 daAuts
    D:11: 1029 daAuts
     D:9: 753 daAuts
     D:6: 716 daAuts
  Lair:2: 654 daAuts
     D:2: 642 daAuts
     D:5: 637 daAuts
     D:3: 634 daAuts
     D:8: 552 daAuts
Gauntlet: 508 daAuts
    D:12: 478 daAuts
